 Dungeon Crawl Stone Soup version 0.31.0-32-g396128a36d (webtiles) character file.

Game seed: 5839276954791615066

17 spaghetti the Grave Robber (level 2, -1/22 HPs)
             Began as a Naga Necromancer on Mar 9, 2024.
             Slain by a ball python (2 damage)
             ... on level 1 of the Dungeon.
             The game lasted 00:00:54 (348 turns).

spaghetti the Grave Robber (Naga Necromancer)        Turns: 348, Time: 00:00:55

Health: -1/22      AC:  1    Str: 10    XL:     2   Next: 62%
Magic:  1/5        EV:  9    Int: 15    God:
Gold:   17         SH:  0    Dex: 11    Spells: 4/5 levels left

rFire   . . .        (no weapon)
rCold   . . .        (no shield)
rNeg    . . .        a - +0 robe
rPois   +            (no helmet)
rElec   .            (no cloak)
rCorr   .            (no gloves)
SInv    +            (no barding)
Will    .....        (no amulet)
Stlth   ++           (no ring)
HPRegen 0.23/turn    (no ring)
MPRegen 0.09/turn

%: no passive effects
@: very slow
A: AC +0, large, see invisible, deformed body, poison resistance, slowness 2,
spit poison 1, naga tail 1
a: Spit Poison


You were on level 1 of the Dungeon.
You visited 1 branch of the dungeon, and saw 1 of its levels.

You collected 17 gold pieces.

Inventory:

Armour
 a - a +0 robe (worn)
Scrolls
 b - a scroll of immolation {unknown}
 c - a scroll of revelation {unknown}


   Skills:
 - Level 1.5 Dodging
 - Level 3.0 Stealth
 - Level 2.0 Spellcasting
 + Level 4.7 Necromancy


You had 4 spell levels left.
You knew the following spells:

 Your Spells              Type           Power      Damage    Failure   Level
a - Necrotise             Necr           60%        1d7       3%          1

Your spell library contained the following spells:

 Spells                   Type           Power      Damage    Failure   Level
 Vampiric Draining        Necr           15%        2d7       10%         3
 Animate Dead             Necr           15%        N/A       32%         4
 Curse of Agony           Necr           15%        N/A       65%         5


Dungeon Overview and Level Annotations

Branches:
Dungeon (1/15)

Altars:


Innate Abilities, Weirdness & Mutations

Your serpentine skin is tough. (AC +0)
You have supernaturally acute eyesight. (SInv)
Armour fits poorly on your strangely shaped body.
Your system is resistant to poisons. (rPois)
You cover ground very slowly.
You can spit poison.
You have a snake-like lower body.


Message History

You are out of magic!
You are out of magic!
Aiming: Spit Poison (2% risk of failure)
Press: ? - help, Shift-Dir - straight line, f - ball python
Aim: a ball python (54% to hit)
The splash of poison misses the ball python.
The hobgoblin hits you but does no damage.
The ball python bites you.
Unknown command.
Unknown command.
You hit the ball python.
The ball python is heavily wounded.
The ball python bites you. The hobgoblin hits you.
You hit the ball python but do no damage.
The ball python is heavily wounded.
The ball python bites you. The hobgoblin hits you.
Your hobgoblin skeleton barely misses the hobgoblin.
The ball python bites you.
* * * LOW HITPOINT WARNING * * *
You barely miss the ball python.
The ball python is heavily wounded.
The hobgoblin hits you.
* * * LOW HITPOINT WARNING * * *
The ball python closely misses you.
Your hobgoblin skeleton hits the hobgoblin.
You aren't carrying any potions.
You closely miss the ball python.
The ball python is heavily wounded.
The hobgoblin hits you.
* * * LOW HITPOINT WARNING * * *
The ball python bites you.
* * * LOW HITPOINT WARNING * * *
Your hobgoblin skeleton hits the hobgoblin.
Casting: Necrotise (safe; 3% risk of failure)
Confirm with . or Enter, or press ? or * to list all spells.
You don't have enough magic to cast this spell.
You have got your breath back.
The hobgoblin attacks as it pursues you!
The hobgoblin barely misses you. The ball python bites you.
You die...

♣♣♣♣♣♣♣♣♣♣###########
##......#
###.)####..###.## #
#...........##... ##$
#.#..####.#.##....# ...
#.#..####......PP..
#.###.#............♣♣..
#...).#.##.###...#....#
#....$#.##)# #.###.. #
####.S@.##.# .# ##
#....g####.# .# #.##..#
#.# #Z.# #.# #.># #.#
...# #.# ..... ...##
...#


You could see a hobgoblin (ally target), a ball python and a friendly hobgoblin
skeleton.

Vanquished Creatures
  A dart slug (D:1)
  An endoplasm (D:1)
  3 goblins (D:1)
  2 hobgoblins (D:1)
  A quokka (D:1)
  A frilled lizard (D:1)
  A kobold (D:1)
  4 rats (D:1)
14 creatures vanquished.

Vanquished Creatures (collateral kills)
  A frilled lizard (D:1)
  A rat (D:1)
2 creatures vanquished.

Grand Total: 16 creatures vanquished

Notes
Turn   | Place    | Note
-------+----------+-------------------------------------------
     0 | D:1      | spaghetti the Naga Necromancer began the quest for the Orb.
     0 | D:1      | Reached XP level 1. HP: 15/15 MP: 3/3
    82 | D:1      | Reached XP level 2. HP: 6/22 MP: 0/5
   347 | D:1      | HP: 1/22 [ball python (1)]
   348 | D:1      | Slain by a ball python

Illustrated notes

Levels and vault maps discovered:
D:1:      erik_arrival_cave_to_civilisation [erik_arrival_cave_to_hall],
          layout_loops_ring, serial_park_tiny_1

Action                     || total
---------------------------++-------
  Melee: Unarmed           ||    11
   Cast: Necrotise         ||    23
Ability: Spit Poison       ||     5
    Use: Potion            ||     1
 Armour: Robe              ||    20
  Dodge: Dodged            ||    16
